Map: [EWC] Goldenaura

Players

Dark - Winner!

  • Race: Zerg Zerg
  • Spawn Location: 12:00

Astrea

  • Race: Protoss Protoss
  • Spawn Location: 5:00

Event: Esports World Cup 2024

VOD

Have the link to the VOD?

Description

Time

  • Played on: Aug. 15, 2024, 6:26 a.m.
  • Length: 9:45

All games in this series

Show
View Real Time Build Order
Export as new Build Order

Dark Zerg - Winner!

Build Orders: Hatch First, Swarm Host 

Get SALT Encoding   

  12  0:00  Drone  
  13  0:12  Overlord  
  13  0:17  Drone  
  14  0:31  Drone x2  
  16  0:48  Hatchery  
  15  0:51  Drone  
  15  0:55  Drone  
  17  0:58  Drone  
  18  1:10  Extractor  
  17  1:14  Spawning Pool  
  17  1:17  Drone  
  17  1:20  Drone  
  18  1:28  Drone  
  19  1:38  Drone  
  20  1:49  Drone  
  21  2:01  Queen x2  
  25  2:02  Zergling x2, Overlord  
  26  2:12  Metabolic Boost  
  26  2:16  Drone x2  
  26  2:21  Drone x2  
  30  2:33  Drone x2  
  32  2:39  Hatchery  
  31  2:45  Queen  
  31  2:49  Overlord  
  33  2:53  Zergling x2  
  33  2:54  Zergling x2  
  35  2:58  Drone  
  35  3:04  Overlord  
  36  3:09  Drone x2  
  36  3:10  Drone x2  
  40  3:16  Queen  
  42  3:22  Drone x3  
  42  3:25  Queen  
  47  3:31  Drone x3  
  50  3:38  Drone  
  51  3:43  Overlord  
  51  3:44  Drone  
  52  3:52  Queen  
  54  3:58  Spore Crawler  
  54  3:59  Spore Crawler  
  54  4:02  Drone x5  
  59  4:03  Drone x2  
  59  4:08  Drone x3  
  62  4:13  Drone  
  62  4:16  Drone x2  
  64  4:24  Lair  
  64  4:26  Drone x2  
  64  4:30  Spore Crawler  
  64  4:33  Drone  
  64  4:34  Drone, Overlord  
  64  4:37  Extractor  
  65  4:38  Extractor  
  65  4:39  Drone x2  
  65  4:42  Overlord  
  66  4:46  Zergling x2, Evolution Chamber  
  66  4:47  Roach Warren  
  66  4:48  Overlord  
  66  4:52  Overlord  
  66  4:54  Zergling x4  
  66  4:55  Drone x3  
  66  4:56  Drone  
  66  4:58  Drone  
  66  4:59  Drone  
  74  5:04  Extractor  
  74  5:06  Drone x3  
  76  5:09  Extractor x2  
  74  5:14  Drone  
  74  5:16  Drone x3  
  74  5:19  Zerg Missile Weapons Level 1  
  74  5:20  Drone x2  
  80  5:23  Hatchery  
  78  5:35  Roach x6  
  90  5:39  Roach x2  
  90  5:40  Glial Reconstitution  
  94  5:44  Overlord  
  94  5:47  Overlord  
  94  5:53  Infestation Pit  
  94  5:54  Overlord x2  
  93  6:00  Nydus Network  
  94  6:04  Roach x2  
  94  6:10  Drone x6  
  99  6:20  Roach  
  99  6:21  Roach x4  
  99  6:24  Roach x2  
  111  6:27  Overlord  
  110  6:33  Roach x2  
  110  6:37  Zergling x4  
  114  6:43  Zergling x10  
  116  6:52  Swarm Host x4  
  131  6:56  Swarm Host  
  131  6:59  Overlord x2  
  133  7:10  Overlord x2  
  133  7:14  Zerg Missile Weapons Level 2  
  133  7:18  Swarm Host x7  
  151  7:25  Overlord x3  
  151  7:28  Nydus Canal  
  151  7:31  Ravager x2  
  151  7:34  Roach  
  151  7:35  Roach x2  
  159  7:44  Nydus Canal  
  159  7:55  Roach x11  
  180  7:59  Overlord  
  180  8:00  Drone x3  
  180  8:03  Nydus Canal  
  183  8:10  Extractor  
  181  8:14  Extractor, Swarm Host  
  181  8:16  Overlord x2  
  182  8:27  Drone x3  
  184  8:28  Zergling x12  
  184  8:32  Hydralisk Den  
  190  8:35  Swarm Host  
  190  8:36  Swarm Host x2  
  190  8:52  Zergling x20, Nydus Canal  
  200  9:02  Roach  
  200  9:07  Roach  
  200  9:08  Roach  
  177  9:12  Roach  
  177  9:14  Nydus Canal  
  171  9:19  Roach x8  
  180  9:25  Roach  
  193  9:35  Nydus Canal  
Show
View Real Time Build Order
Export as new Build Order

Astrea Protoss 

Build Orders: 1 Gate Expand, Oracle Opening 

Get SALT Encoding   

  12  0:00  Probe  
  13  0:12  Probe  
  14  0:17  Pylon  
  14  0:24  Probe (Chrono Boost)  
  15  0:37  Probe (Chrono Boost)  
  15  0:40  Gateway  
  16  0:45  Probe (Chrono Boost)  
  16  0:46  Assimilator  
  17  0:51  Probe  
  18  1:03  Probe  
  19  1:15  Probe  
  20  1:23  Nexus  
  20  1:27  Probe  
  21  1:38  Cybernetics Core  
  21  1:42  Assimilator  
  21  1:45  Probe  
  22  1:51  Pylon  
  22  1:57  Probe  
  23  2:09  Probe (Chrono Boost)  
  23  2:14  Adept  
  26  2:19  Probe (Chrono Boost), Stargate  
  27  2:24  Probe (Chrono Boost)  
  27  2:27  Warp Gate  
  28  2:35  Probe (Chrono Boost)  
  30  2:42  Probe (Chrono Boost)  
  30  2:44  Adept, Probe (Chrono Boost)  
  33  2:49  Probe x2 (Chrono Boost)  
  35  3:00  Probe  
  35  3:01  Probe  
  35  3:02  Oracle (Chrono Boost)  
  40  3:07  Pylon  
  40  3:12  Probe  
  41  3:13  Probe  
  42  3:23  Gateway  
  42  3:24  Probe  
  42  3:25  Probe  
  44  3:30  Oracle (Chrono Boost)  
  47  3:36  Probe  
  47  3:38  Probe  
  49  3:46  Nexus  
  49  3:48  Pylon  
  49  3:50  Probe  
  49  3:51  Probe  
  51  4:01  Assimilator  
  51  4:02  Probe  
  52  4:03  Twilight Council  
  52  4:04  Probe  
  53  4:13  Pylon  
  53  4:14  Probe  
  54  4:18  Gateway  
  54  4:19  Probe  
  54  4:21  Gateway  
  55  4:26  Probe  
  55  4:30  Blink (Chrono Boost)  
  56  4:31  Probe  
  56  4:35  Stalker x2  
  56  4:38  Probe  
  62  4:44  Probe  
  63  4:46  Pylon  
  63  4:50  Probe  
  64  4:56  Shield Battery, Probe  
  65  5:01  Stalker x2, Probe  
  65  5:02  Probe  
  71  5:08  Probe  
  71  5:13  Probe  
  73  5:14  Forge, Probe  
  73  5:18  Stalker x2  
  73  5:20  Probe  
  79  5:25  Assimilator, Probe  
  79  5:26  Probe  
  79  5:27  Stalker x2  
  85  5:32  Probe  
  86  5:37  Probe  
  86  5:38  Probe  
  88  5:44  Probe  
  88  5:45  Stalker x2  
  88  5:47  Protoss Ground Weapons Level 1 (Chrono Boost)  
  92  5:55  Pylon  
  92  5:56  Pylon  
  92  5:57  Pylon  
  92  5:59  Probe  
  93  6:05  Pylon  
  93  6:08  Probe  
  93  6:12  Probe  
  93  6:13  Probe  
  93  6:14  Pylon  
  93  6:15  Stalker x4, Pylon  
  102  6:24  Probe  
  103  6:31  Assimilator  
  103  6:32  Assimilator  
  103  6:37  Probe  
  103  6:41  Probe  
  103  6:46  Nexus  
  104  6:48  Probe  
  104  6:50  Probe  
  104  6:52  Robotics Facility  
  104  6:53  Robotics Facility  
  104  6:54  Charge (Chrono Boost), Probe  
  107  6:55  Zealot x4  
  115  7:07  Probe  
  116  7:09  Probe x2  
  116  7:11  Photon Cannon  
  116  7:12  Shield Battery  
  116  7:14  Gateway  
  118  7:15  Pylon  
  118  7:16  Gateway  
  118  7:19  Templar Archives, Probe  
  118  7:22  Probe  
  120  7:24  Gateway, Probe  
  120  7:29  Shield Battery  
  121  7:30  Photon Cannon  
  121  7:31  Probe  
  121  7:34  Probe  
  121  7:36  Stalker x4  
  131  7:41  Observer  
  132  7:46  Probe  
  132  7:47  Immortal (Chrono Boost)  
  134  7:59  Oracle  
  134  8:01  Immortal (Chrono Boost)  
  134  8:04  Stalker x3  
  133  8:13  Shield Battery  
  133  8:18  Stalker x3  
  133  8:21  Immortal (Chrono Boost)  
  131  8:33  Immortal  
  135  8:35  Gateway  
  134  8:42  Stalker  
  134  8:43  Stalker x5  
  140  8:50  Gateway  
  140  8:52  Gateway, Probe x4  
  131  9:04  Probe  
  131  9:09  Stalker x4  
  122  9:11  Probe  
  122  9:15  Probe  
  122  9:16  Probe  
  118  9:18  Probe  
  95  9:32  Stalker x4  
Tags
 
Add a new tag
Caveats
  • Supply blocks, unpowered buildings, or Contaminate may cause inaccurate times.
  • Supply counts are checked every 10 seconds.